Map: Ruines de Seras

Players

IIIIIIIIIIII (State) - Winner!

  • Race: Protoss Protoss

ThuNdeR

  • Race: Protoss Protoss
  • League: Diamond

Event: NationWars III

VOD

Have the link to the VOD?

Description

Time

  • Played on: Nov. 19, 2015, 3:44 p.m.
  • Length: 9:40
Show
View Real Time Build Order
Export as new Build Order

IIIIIIIIIIII Protoss - Winner!

Build Orders: Nexus First 

Get SALT Encoding   

  12  0:01  Probe (Chrono Boost)  
  13  0:12  Probe (Chrono Boost)  
  14  0:18  Pylon  
  14  0:23  Probe (Chrono Boost)  
  15  0:37  Probe (Chrono Boost)  
  16  0:47  Probe (Chrono Boost)  
  17  1:00  Nexus  
  17  1:10  Gateway  
  17  1:13  Probe (Chrono Boost)  
  18  1:19  Assimilator  
  18  1:23  Probe (Chrono Boost)  
  19  1:27  Assimilator  
  19  1:34  Probe (Chrono Boost)  
  20  1:42  Gateway  
  20  1:46  Probe (Chrono Boost)  
  21  1:56  Probe (Chrono Boost)  
  21  2:01  Cybernetics Core  
  22  2:07  Probe (Chrono Boost)  
  23  2:14  Probe (Chrono Boost)  
  24  2:17  Probe (Chrono Boost)  
  25  2:25  Probe (Chrono Boost)  
  27  2:30  Probe (Chrono Boost)  
  27  2:36  Probe (Chrono Boost)  
  28  2:37  Stalker (Chrono Boost)  
  28  2:40  Stalker (Chrono Boost)  
  32  2:44  Probe  
  33  2:51  Pylon  
  34  3:04  Warp Gate  
  35  3:07  Mothership Core  
  35  3:10  Stalker (Chrono Boost)  
  34  3:16  Stalker (Chrono Boost)  
  35  3:22  Probe (Chrono Boost)  
  34  3:28  Probe (Chrono Boost)  
  36  3:34  Probe (Chrono Boost)  
  36  3:39  Probe (Chrono Boost)  
  39  3:45  Probe (Chrono Boost)  
  42  3:50  Probe (Chrono Boost)  
  42  3:55  Probe (Chrono Boost)  
  44  4:00  Pylon  
  44  4:02  Pylon  
  44  4:04  Probe (Chrono Boost)  
  44  4:07  Robotics Facility  
  44  4:08  Probe (Chrono Boost)  
  41  4:15  Probe (Chrono Boost)  
  42  4:19  Probe (Chrono Boost)  
  42  4:20  Twilight Council  
  43  4:25  Probe (Chrono Boost)  
  43  4:29  Probe (Chrono Boost)  
  44  4:36  Probe (Chrono Boost)  
  45  4:40  Probe (Chrono Boost)  
  45  4:41  Gateway, Blink  
  45  4:42  Gateway  
  46  4:46  Probe (Chrono Boost)  
  46  4:47  Assimilator  
  46  4:52  Probe (Chrono Boost)  
  48  4:55  Observer (Chrono Boost)  
  48  4:56  Probe  
  50  5:05  Probe  
  51  5:09  Probe  
  53  5:14  Observer (Chrono Boost)  
  53  5:18  Pylon  
  53  5:19  Stalker  
  54  5:25  Stalker  
  54  5:27  Probe x2  
  58  5:30  Pylon  
  58  5:36  Warp Prism (Chrono Boost)  
  58  5:38  Pylon  
  58  5:39  Stalker  
  62  5:58  Nexus  
  62  5:59  Probe x2, Pylon  
  64  6:04  Sentry  
  63  6:14  Stalker x3  
  63  6:16  Probe x2  
  71  6:28  Probe x2  
  71  6:34  Stalker  
  73  6:40  Probe x2  
  73  6:42  Stalker x2  
  73  6:43  Stalker  
  81  6:52  Probe  
  81  6:53  Probe  
  83  6:59  Charge  
  83  7:00  Forge  
  83  7:02  Robotics Bay  
  83  7:03  Gateway  
  83  7:04  Probe  
  83  7:05  Probe  
  86  7:08  Observer (Chrono Boost)  
  86  7:12  Probe  
  87  7:17  Probe x2  
  87  7:22  Probe  
  89  7:29  Probe x2  
  92  7:33  Probe  
  92  7:42  Stalker x4  
  91  7:51  Disruptor (Chrono Boost)  
  91  7:52  Probe x2  
  88  8:07  Gateway  
  88  8:10  Gateway x2  
  88  8:11  Pylon  
  88  8:13  Stalker, Gateway  
  88  8:14  Pylon, Zealot x3  
  88  8:16  Pylon  
  88  8:17  Pylon  
  96  8:22  Disruptor (Chrono Boost)  
  99  8:36  Zealot x2  
  99  8:37  Zealot x3  
  99  8:39  Probe  
  96  8:56  Disruptor (Chrono Boost)  
  96  8:58  Stalker x3  
  96  8:59  Zealot x2  
  108  9:05  Assimilator x2  
  108  9:08  Gateway x2  
  108  9:11  Pylon  
  108  9:16  Zealot x2  
  108  9:19  Zealot x4  
  105  9:25  Zealot x3  
Show
View Real Time Build Order
Export as new Build Order

ThuNdeR Protoss 

Build Orders: Phoenix Opening 

Get SALT Encoding   

  12  0:01  Probe (Chrono Boost)  
  13  0:13  Pylon  
  13  0:18  Probe (Chrono Boost)  
  14  0:29  Probe (Chrono Boost)  
  15  0:35  Gateway  
  15  0:39  Probe (Chrono Boost)  
  17  0:50  Probe (Chrono Boost)  
  17  0:52  Assimilator  
  17  0:57  Assimilator  
  17  1:00  Pylon  
  17  1:03  Probe (Chrono Boost)  
  18  1:14  Probe (Chrono Boost)  
  19  1:23  Cybernetics Core  
  19  1:24  Probe (Chrono Boost)  
  20  1:35  Probe (Chrono Boost)  
  21  1:42  Pylon  
  21  1:45  Probe (Chrono Boost)  
  22  1:56  Probe (Chrono Boost)  
  23  2:01  Adept  
  23  2:07  Mothership Core (Chrono Boost)  
  27  2:15  Stargate  
  27  2:29  Adept, Warp Gate  
  29  2:32  Probe (Chrono Boost)  
  30  2:46  Probe (Chrono Boost)  
  31  3:01  Phoenix  
  31  3:02  Probe (Chrono Boost)  
  34  3:12  Probe (Chrono Boost)  
  35  3:13  Nexus  
  35  3:23  Probe (Chrono Boost)  
  34  3:33  Probe (Chrono Boost), Phoenix  
  37  3:44  Probe (Chrono Boost)  
  38  3:50  Pylon  
  38  3:54  Probe (Chrono Boost)  
  39  4:01  Pylon  
  39  4:02  Pylon  
  39  4:08  Phoenix (Chrono Boost)  
  41  4:10  Robotics Facility  
  41  4:17  Probe (Chrono Boost)  
  42  4:23  Gateway  
  42  4:34  Phoenix (Chrono Boost)  
  42  4:37  Gateway  
  44  4:41  Probe x2  
  46  4:53  Probe  
  47  5:01  Immortal  
  51  5:07  Assimilator  
  51  5:10  Phoenix (Chrono Boost)  
  53  5:31  Gateway x2  
  53  5:34  Pylon  
  53  5:36  Pylon  
  53  5:37  Adept x2  
  53  5:40  Probe  
  58  5:52  Immortal (Chrono Boost)  
  58  5:55  Probe  
  63  5:59  Probe, Pylon  
  64  6:07  Probe  
  65  6:15  Sentry  
  65  6:16  Sentry, Stalker  
  65  6:17  Probe  
  72  6:20  Assimilator  
  72  6:21  Probe  
  73  6:35  Immortal (Chrono Boost)  
  73  6:38  Twilight Council  
  77  6:47  Adept  
  77  6:48  Stalker  
  77  6:51  Gateway  
  77  6:52  Probe  
  80  6:59  Probe  
  81  7:04  Probe  
  81  7:06  Pylon x2  
  83  7:08  Observer (Chrono Boost)  
  83  7:09  Probe  
  84  7:16  Probe, Pylon  
  84  7:19  Blink (Chrono Boost)  
  84  7:25  Stalker  
  84  7:29  Stalker  
  88  7:41  Stalker  
  88  7:42  Stalker x2  
  92  7:53  Stalker x2  
  94  8:06  Stalker x3  
  94  8:08  Probe  
  101  8:13  Warp Prism (Chrono Boost)  
  101  8:18  Stalker  
  105  8:23  Pylon  
  105  8:26  Probe  
  106  8:30  Stalker  
  108  8:36  Stalker  
  108  8:37  Stalker  
  98  8:54  Stalker  
  98  8:55  Stalker x3  
  100  8:58  Probe  
  81  9:17  Stalker x2  
  81  9:18  Stalker x2  
Tags
 
Add a new tag
Caveats
  • Supply blocks, unpowered buildings, or Contaminate may cause inaccurate times.
  • Supply counts are checked every 10 seconds.